 Dungeon Crawl Stone Soup version 0.29-a0-819-g94b489e0ae (webtiles) character file.

Game seed: 8424577695851583769

28 Colgate the Sneak (level 3, -2/21 HPs)
             Began as a Kobold Brigand on July 6, 2022.
             Was an Initiate of Ashenzari.
             Slain by a quokka (4 damage)
             ... on level 1 of the Dungeon.
             The game lasted 00:04:02 (1322 turns).

Colgate the Sneak (Kobold Brigand)                  Turns: 1322, Time: 00:04:02

Health: -2/21      AC:  3    Str:  8    XL:     3   Next: 27%
Magic:  3/3        EV: 14    Int: 14    God:    Ashenzari [......]
Gold:   21         SH:  0    Dex: 16    Spells: 2/2 levels left

rFire   . . .      SeeInvis .   a - +2 dagger
rCold   . . .      Faith    .   (no shield)
rNeg    . . .      Spirit   .   b - +0 robe
rPois   .          Reflect  .   (no helmet)
rElec   .          Harm     .   c - +0 cloak "Mantic Visionary" {Melee, Bglg} (curse)
rCorr   .          Rampage  .   (no gloves)
Will    .....                   (no boots)
Stlth   ++++......              (no amulet)
HPRegen 0.07/turn               (no ring)
MPRegen 0.08/turn               (no ring)

@: no status effects
A: small, no large weapons, nightstalker 3
a: Renounce Religion, Shatter the Chains


You were on level 1 of the Dungeon.
You worshipped Ashenzari.
Ashenzari was noncommittal.
You visited 1 branch of the dungeon, and saw 2 of its levels.

You collected 21 gold pieces.

Inventory:

Hand Weapons
 a - a +2 dagger (weapon)
 g - a +0 sling
Missiles
 d - 9 poisoned darts (quivered)
 e - 3 curare-tipped darts
 l - 6 boomerangs
Armour
 b - a +0 robe (worn)
 c - the cursed +0 cloak "Mantic Visionary" (worn) {Melee, Bglg}

   It has a curse which improves the following skills: Melee Combat: Short
   Blades, Long Blades, Axes, Maces & Flails, Polearms, Staves and Unarmed
   Combat.
   Beguiling: Conjurations, Hexes and Translocations.
Jewellery
 k - a ring of flight
Scrolls
 f - 2 scrolls of silence {unknown}
 h - 2 scrolls of identify {unknown}
 j - a scroll of teleportation {unknown}
 m - a scroll of torment {unknown}
Potions
 i - a potion of curing {unknown}


   Skills:
 + Level 2.1 Fighting
 - Level 4.0(4.4) Short Blades
 - Level 2.1 Throwing
 - Level 1.2 Dodging
 - Level 6.0 Stealth


You had 2 spell levels left.
You didn't know any spells.
Your spell library contained the following spells:

 Spells                   Type           Power      Damage    Failure   Level
 Apportation              Tloc           0%         N/A       28%         1
 Necrotise                Necr           0%         1d4       28%         1
 Summon Small Mammal      Summ           0%         N/A       28%         1


Dungeon Overview and Level Annotations

Branches:
Dungeon (2/15)

Altars:
Ashenzari

Annotations:
D:2 Robin


Innate Abilities, Weirdness & Mutations

You are small and have problems with some larger weapons.
You are completely attuned to the shadows.


Message History

The goblin hits you with a +0 club. The goblin barely misses you.
The goblin hits you with a +0 club.
You hit the goblin.
You kill the goblin!
The goblin barely misses you. The hobgoblin hits you.
* * * LOW HITPOINT WARNING * * *
The goblin closely misses you. The goblin attacks as you move away!
The goblin closely misses you. The hobgoblin attacks as you move away!
The hobgoblin misses you. The goblin hits you but does no damage.
You see here a +0 club.
The goblin attacks as you move away! The goblin closely misses you.
You closely miss the hobgoblin. You barely miss the hobgoblin.
The hobgoblin barely misses you.
You closely miss the hobgoblin.
The hobgoblin hits you but does no damage.
You hit the hobgoblin. The hobgoblin misses you.
You hit the hobgoblin. You hit the hobgoblin.
You kill the hobgoblin!
You completely miss the goblin. The goblin hits you with a +0 club.
* * * LOW HITPOINT WARNING * * *
You hit the goblin.
You kill the goblin!
You hit the goblin. The goblin misses you.
You hit the goblin.
You kill the goblin!
Your Stealth skill increases to level 6!
You see here a +0 dagger.
You see here a +0 dagger.
A quokka comes into view.
A goblin comes into view. It is wielding a +0 club.
There is a stone staircase leading up here.
Robin hits you with a +0 falchion!
* * * LOW HITPOINT WARNING * * *
The quokka closely misses you.
You climb upwards.
There is a stone staircase leading down here.
You hit the quokka. The quokka bites you.
You die...

## .####### .......############
.#####............#
.....#.##########.#
.###...........##.#
.......#.#####..@.#
.###.#..........r.#####
.###.#................#
...#.#.###.>################
...........#####..........[####
##........###...#####+#####...###
###.######..#####≈≈≈≈§§≈#####..#
#.# ##.### #§§≈..§§.§≈≈# ###. #.#
#.## #)....§.....# ##


You could see a quokka.

Vanquished Creatures
  A dart slug (D:1)
  A giant cockroach (D:2)
  8 goblins
  5 hobgoblins
  2 bats
  A frilled lizard (D:1)
  3 kobolds
  3 rats (D:1)
24 creatures vanquished.

Notes
Turn   | Place    | Note
-------+----------+-------------------------------------------
     0 | D:1      | Colgate the Kobold Brigand began the quest for the Orb.
     0 | D:1      | Reached XP level 1. HP: 12/12 MP: 1/1
   321 | D:1      | Reached XP level 2. HP: 17/17 MP: 2/2
   704 | D:1      | Found a faded altar of an unknown god.
   748 | D:1      | Prayed at the altar of an unknown god.
   748 | D:1      | Became a worshipper of Ashenzari the Shackled
  1100 | D:2      | Noticed Robin
  1109 | D:2      | Reached XP level 3. HP: 19/21 MP: 3/3
  1228 | D:2      | Reached skill level 6 in Stealth
  1322 | D:1      | Slain by a quokka

Illustrated notes

Levels and vault maps discovered:
D:1:      dpeg_arrival_morbid_curiosity, layout_loops_ring,
          chequers_ecumenical_altar_simple
D:2:      layout_loops_corners, chequers_hall_statues_y, uniq_jessica,
          uniq_robin, uniq_crazy_yiuf_cottage

Skill      XL: |  1  2  3 |
---------------+----------+-----
Short Blades   | 3 4 |  4.0
Stealth        | 6 |  6.0
Fighting       | |  2.1
Throwing       | |  2.1
Dodging        | |  1.2

Action                   || total
-------------------------++-------
Melee: Dagger            ||    72
       Punch             ||     1
Invok: Curse Item        ||     1
 Stab: Sleeping          ||    10
Armor: Robe              ||    17
Dodge: Dodged            ||    42

Table legend: (Time is in decaauts)
 A = Elapsed time spent in this place.
 B = Non-inter-level travel time spent in this place.
 C = Inter-level travel time spent in this place.
 D = Time resting spent in this place.
 E = Time spent auto-exploring this place.
 F = Levels seen in this place.
 G = Mean time per level.
                   A        B        C        D        E       F      G
               +--------+--------+--------+--------+--------+-----+--------+
         Total |   1308 |   1305 |      3 |      0 |   1028 |   2 |  654.0 |
       Dungeon |   1308 |   1305 |      3 |      0 |   1028 |   2 |  654.0 |
               +--------+--------+--------+--------+--------+-----+--------+

Top non-repeatable levels by time:
     D:1: 1016 daAuts
     D:2: 292 daAuts
